 Dungeon Crawl Stone Soup version 0.30-a0-439-g9e77e4d916 (webtiles) character file.

Game seed: 12539099216683770337

5231 voltaire321 the Destroyer (level 10, -19/88 HPs)
             Began as a Black Draconian Conjurer on Dec 11, 2022.
             Hit by a large rock thrown by a cyclops (28 damage)
             ... on level 9 of the Dungeon.
             The game lasted 00:34:51 (9474 turns).

voltaire321 the Destroyer (DrCj)                    Turns: 9474, Time: 00:34:51

Health: -19/88     AC: 13    Str: 10    XL:     10   Next: 35%
Magic:  26/29      EV: 14    Int: 22    God:
Gold:   1339       SH:  5    Dex: 10    Spells: 17/23 levels left

rFire   . . .      SeeInvis .    C - +4 short sword (venom)
rCold   . . .      Faith    .    (no shield)
rNeg    . . .      Spirit   .    (body armour unavailable)
rPois   .          Reflect  +    (helmet restricted)
rElec   +          Harm     .    n - +0 cloak
rCorr   .          Rampage  .    q - +0 pair of gloves
Will    .....                    (no boots)
Stlth   ++........               r - amulet of reflection
HPRegen 0.34/turn                k - ring of magical power
MPRegen 0.21/turn                h - +4 ring of protection

@: no status effects
A: breathe lightning, AC +7, unfitting armour, electricity resistance,
cold-blooded
a: Breathe Lightning


You were on level 9 of the Dungeon.
You visited 2 branches of the dungeon, and saw 10 of its levels.
You also visited: Bailey.

You collected 1479 gold pieces.
You spent 140 gold pieces at shops.

Inventory:

Hand Weapons
 j - a +2 dagger of holy wrath
 t - a +4 dire flail of protection
 x - a +0 rapier
 C - a +4 short sword of venom (weapon)
Missiles
 F - a curare-tipped dart
Armour
 n - a +0 cloak (worn)
 q - a +0 pair of gloves (worn)
Jewellery
 h - a +4 ring of protection (right hand)
 k - a ring of magical power (left hand)
 r - an amulet of reflection (around neck)
 s - a +4 ring of protection
 y - a ring of poison resistance
 E - a +6 ring of intelligence
Wands
 i - a wand of acid (4)
 p - a wand of charming (12)
Scrolls
 e - 2 scrolls of identify
 g - 3 scrolls of amnesia
 m - a scroll of fog
 z - a scroll of fear {unknown}
 D - a scroll of magic mapping
 G - a scroll of enchant weapon
Potions
 a - 3 potions of magic
 c - 4 potions of curing
 d - a potion of berserk rage
 f - a potion of ambrosia
 l - 3 potions of haste
 o - 2 potions of brilliance
 u - a potion of invisibility
 w - 3 potions of might
 A - a potion of lignification
 B - a potion of heal wounds


   Skills:
 + Level 7.9 Fighting
 + Level 4.2 Throwing
 + Level 6.8 Dodging
 - Level 1.7 Stealth
 + Level 7.1 Spellcasting
 + Level 8.4 Conjurations


You had 17 spell levels left.
You knew the following spells:

 Your Spells              Type           Power      Damage    Failure   Level
a - Magic Dart            Conj           100%       1d8       1%          1
b - Searing Ray           Conj           88%        2d7       1%          2
c - Dazzling Flash        Conj/Hex       52%        N/A       4%          3

Your spell library contained the following spells:

 Spells                   Type           Power      Damage    Failure   Level
 Fulminant Prism          Conj/Hex       13%        3d8       14%         4
 Iskenderun's Mystic Bla  Conj/Tloc      26%        2d7       14%         4
 Gell's Gravitas          Tloc           7%         N/A       24%         3
 Lesser Beckoning         Tloc           14%        N/A       24%         3
 Teleport Other           Tloc           7%         N/A       24%         3
 Dispersal                Tloc           3%         N/A       100%        6


Dungeon Overview and Level Annotations

Branches:
Dungeon (9/15)             Temple (1/1) D:7          Bailey (visited)
   Lair: D:8-11         Orc: D:9-12

Altars:
Ashenzari
Cheibriados
Dithmenos
Elyvilon
Fedhas
Gozag
Hepliaklqana
Kikubaaqudgha
Makhleb
Okawaru
Ru
Trog
Uskayaw
Wu Jian
Xom
Yredelemnul
Zin
The Shining One

Shops:
D:3 *(   D:6 :   D:7 !   D:8 [(

Portals:
Abyss: D:7

Annotations:
D:7 1 transporter, LnG's ghost, journeyman KoSu


Innate Abilities, Weirdness & Mutations

You can breathe wild blasts of lightning.
Your glossy black scales are hard. (AC +7)
You cannot fit into any form of body armour.
You are resistant to electric shocks. (rElec)
You are cold-blooded and may be slowed by cold attacks.


Message History

The magic dart hits the orc priest.
The orc priest is lightly wounded.
The orc priest invokes the aid of Beogh against you.
Beogh smites you!
Casting: Magic Dart (safe; 1% risk of failure)
Confirm with . or Enter, or press ? or * to list all spells.
Aiming: Searing Ray (safe; 1% risk of failure)
Press: ? - help, Shift-Dir - straight line, f - white ugly thing, p - orc priest
Aim: a white ugly thing (82% to hit)
The searing ray hits the white ugly thing!
The white ugly thing is lightly wounded. (Press . to maintain the ray.)
The searing ray hits the white ugly thing.
The white ugly thing is moderately wounded.
The searing ray hits the orc priest.
The orc priest is moderately wounded.
The searing ray misses the white ugly thing.
The searing ray hits the orc priest but does no damage.
The orc priest is moderately wounded.
The white ugly thing gores you! The white ugly thing freezes you!
The searing ray hits the white ugly thing!
The white ugly thing is moderately wounded.
The searing ray hits the orc priest.
The orc priest is heavily wounded.
You finish channelling your searing ray.
The white ugly thing gores you! The white ugly thing freezes you!!
* * * LOW HITPOINT WARNING * * *
As you read the scroll of teleportation, it crumbles to dust.
You feel strangely unstable.
The white ugly thing gores you but does no damage.
Okay, then.
Blink to where?
Press: ? - help, Dir - move target, p - white ugly thing
As you read the scroll of blinking, it crumbles to dust.
Your surroundings suddenly seem different.
A howler monkey comes into view.
A cyclops comes into view.
The howler monkey howls!
The cyclops throws a large rock.
The large rock hits you!!
You die...

#.....
#..)ยง.
####.# #o#
###### #.#
.....##
#..... ....#
#......# .
#..#
..o.....#
....#.@###
.u$......
#......#
.#.......
###..#.....#
###.....
.........###
###...
###.....###
.h...###
..C.###
...## .##


You could see a cyclops and a howler monkey.

Vanquished Creatures
  An orc warlord (Bailey)
  2 kobold demonologists (D:8)
  A hornet (D:8)
  Grinder (D:4)
  A wyvern (D:7)
  An acid dragon (D:6)
  Edmund (D:4)
  A water moccasin (D:5)
  An ice beast (D:7)
  2 black bears
  10 orc warriors (Bailey)
  A sky beast (D:4)
  2 ogres (D:7)
  2 kobold brigands
  A bullfrog (D:8)
  A scorpion (D:4)
  9 wights
  2 jellies
  3 orc priests
  2 hounds
  Natasha (twice) (D:4)
  3 iguanas
  5 orc wizards
  A mummy (D:3)
  7 adders
  8 gnolls
  A shadow imp (D:7)
  2 white imps
  2 ufetubi
  3 dart slugs
  2 worms
  34 orcs
  5 ball pythons
  6 endoplasms
  3 giant cockroaches
  16 goblins
  14 hobgoblins
  8 jackals
  6 quokkas
  3 bats
  4 frilled lizards
  20 kobolds
  A rat (D:1)
  A spectral orc (D:8)
202 creatures vanquished.

Notes
Turn   | Place    | Note
-------+----------+-------------------------------------------
     0 | D:1      | voltaire321 the Draconian Conjurer began the quest for the
                  | Orb.
     0 | D:1      | Reached XP level 1. HP: 14/14 MP: 3/3
   232 | D:1      | Reached XP level 2. HP: 22/22 MP: 0/5
   494 | D:1      | Reached skill level 1 in Fighting
   573 | D:1      | Learned a level 2 spell: Searing Ray
   837 | D:1      | Reached XP level 3. HP: 26/28 MP: 0/6
  1658 | D:2      | Reached XP level 4. HP: 35/35 MP: 8/8
  2362 | D:3      | Found Ynac's General Store.
  2388 | D:3      | Bought a scroll of identify for 20 gold pieces
  2682 | D:3      | Found an ancient bone altar of Kikubaaqudgha.
  2683 | D:3      | Found a hide-covered altar of Uskayaw.
  2846 | D:3      | Found Kiuriahyw's Antique Weapon Boutique.
  2970 | D:3      | Found a snail-covered altar of Cheibriados.
  3026 | D:3      | Reached XP level 5. HP: 35/41 MP: 9/9
  3154 | D:4      | Noticed Grinder
  3161 | D:4      | Paralysed by something for 3 turns
  3220 | D:4      | Noticed Edmund
  3470 | D:4      | Found an opulent altar of Gozag.
  3473 | D:4      | Noticed a sky beast
  3517 | D:4      | Noticed Natasha
  3524 | D:4      | Killed Natasha
  3609 | D:4      | Reached XP level 6. HP: 50/50 MP: 11/11
  3701 | D:4      | Killed Edmund
  3702 | D:4      | Reached skill level 5 in Conjurations
  3874 | D:4      | Killed a sky beast
  4047 | D:4      | Your scales start taking on a glossy black colour.
  4047 | D:4      | Reached XP level 7. HP: 58/58 MP: 13/13
  4047 | D:4      | Gained mutation: You are resistant to electric shocks.
                  | (rElec) [Black Draconian growth]
  4049 | D:4      | Noticed Natasha
  4053 | D:4      | Killed Natasha
  4161 | D:4      | Killed Grinder
  4449 | D:5      | Entered Level 5 of the Dungeon
  5034 | D:5      | Reached skill level 6 in Conjurations
  5034 | D:5      | Reached XP level 8. HP: 67/67 MP: 14/15
  5357 | D:6      | Found Xarum's Vocational Training.
  5375 | D:6      | Reached skill level 5 in Spellcasting
  5380 | D:6      | Reached skill level 5 in Fighting
  5664 | D:6      | Identified the +1 pair of gloves of Bufi {-Tele rF+ rC++}
  5706 | D:6      | Reached skill level 5 in Dodging
  6104 | D:7      | Found Hikot's Distillery.
  6117 | D:7      | Bought a potion of lignification for 30 gold pieces
  6117 | D:7      | Bought a potion of heal wounds for 50 gold pieces
  6117 | D:7      | Bought a potion of might for 40 gold pieces
  6237 | D:7      | Reached skill level 1 in Throwing
  6304 | D:7      | Reached skill level 7 in Conjurations
  6371 | D:7      | Found a staircase to the Ecumenical Temple.
  6379 | Temple   | Entered the Ecumenical Temple
  6605 | D:7      | Found a transporter.
  6612 | D:7      | Noticed LnG's ghost (journeyman KoSu)
  6653 | D:7      | Reached XP level 9. HP: 69/75 MP: 17/17
  7012 | D:7      | Noticed a toenail golem
  7022 | D:7      | Found a transporter.
  7044 | D:7      | Found a one-way gate to the infinite horrors of the Abyss.
  7615 | D:8      | Found Fextamoz's Weapon Boutique.
  7707 | D:8      | Noticed a kobold demonologist
  7720 | D:8      | Killed a kobold demonologist
  7720 | D:8      | Noticed a kobold demonologist
  7723 | D:8      | Noticed a hellwing
  7808 | D:8      | Found Gubom's Armour Boutique.
  7827 | D:8      | Found a flagged portal.
  7845 | Bailey   | Entered a bailey
  7890 | Bailey   | Learned a level 3 spell: Dazzling Flash
  8495 | Bailey   | Reached skill level 8 in Conjurations
  8495 | Bailey   | Reached XP level 10. HP: 71/86 MP: 20/20
  8514 | Bailey   | Noticed an orc warlord
  8550 | Bailey   | Killed an orc warlord
  8817 | D:8      | Acquired 729 gold pieces
  8878 | D:8      | Found a hazy altar of Hepliaklqana.
  8879 | D:8      | Found a shimmering altar of Xom.
  8937 | D:8      | Found a basalt altar of Yredelemnul.
  9019 | D:8      | Noticed a smoke demon
  9455 | D:9      | Noticed a white ugly thing
  9473 | D:9      | Noticed a cyclops
  9474 | D:9      | Hit by a large rock thrown by a cyclops

Illustrated notes

Levels and vault maps discovered:
D:1:      saegor_arrival_simple_a, layout_basic, chequers_serial_rivers_micro_d,
          nicolae_concentric_dashed_squares_wild
D:2:      layout_basic
D:3:      layout_rooms, slow_altar_2, mainiacjoe_overflow_divided_tiny,
          serial_shops, shop, shop, minmay_unequal
D:4:      layout_loops_ring, mainiacjoe_overflow_catwalk, uniq_edmund,
          uniq_natasha, uniq_grinder
D:5:      layout_loops_ring
D:6:      layout_loops_ring, nicolae_shop_vocational
D:7:      layout_basic, temple_statues, gammafunk_ghost_abyssal_escape,
          serial_shops, nicolae_square_shop
D:8:      layout_basic, regret_index_temple_of_mockery,
          yredelemnul_forgotten_temple_becter, enter_bailey_3, serial_shops,
          shop_coins, shop
D:9:      minmay_diamond_stairs, layout_loops_cross, minitemple,
          nemelex_xobeh_ov_fountains_minmay
Temple:   nicolae_temple_bog_church

Skill      XL: |  1  2  3  4  5  6  7  8  9 10 |
---------------+-------------------------------+-----
Dodging        | 2 3 4 5 6 |  6.8
Fighting       | 1 2 3 4 6 7 |  7.9
Spellcasting   | 3 4 5 6 7 |  7.1
Conjurations   | 5 6 7 8 |  8.4
Throwing       | 1 3 4 |  4.2
Stealth        | |  1.7

Action                   |  1- 3 |  4- 6 |  7- 9 | 10-12 || total
-------------------------+-------+-------+-------+-------++-------
Melee: Unarmed           |    50 |       |       |       ||    50
       Tailslap          |     5 |     4 |     9 |     1 ||    19
       Dagger            |    15 |    29 |     6 |       ||    50
       Punch             |       |     1 |     4 |       ||     5
       Short sword       |       |       |    97 |     6 ||   103
 Cast: Magic Dart        |    70 |    45 |   102 |     8 ||   225
       Searing Ray       |     2 |    22 |    57 |    11 ||    92
 Abil: Breathe Lightning |       |       |     1 |       ||     1
Evoke: Wand              |       |     1 |       |     4 ||     5
  Use: Scroll            |       |    11 |     8 |     5 ||    24
       Potion            |       |       |       |     2 ||     2
 Stab: Sleeping          |       |     2 |     1 |       ||     3
Armor: Skin              |    19 |    22 |    53 |     5 ||    99
Dodge: Dodged            |    52 |    44 |    96 |    12 ||   204
Block: Other             |       |     8 |    32 |     5 ||    45

Table legend: (Time is in decaauts)
 A = Elapsed time spent in this place.
 B = Non-inter-level travel time spent in this place.
 C = Inter-level travel time spent in this place.
 D = Time resting spent in this place.
 E = Time spent auto-exploring this place.
 F = Levels seen in this place.
 G = Mean time per level.
                   A        B        C        D        E       F      G
               +--------+--------+--------+--------+--------+-----+--------+
         Total |   9492 |   9216 |    276 |   2266 |   5036 |  11 |  862.9 |
       Dungeon |   8323 |   8074 |    249 |   1784 |   4823 |   9 |  924.8 |
        Temple |    198 |    171 |     27 |      0 |    158 |   1 |  198.0 |
        Bailey |    970 |    970 |      0 |    482 |     54 |   1 |  970.0 |
               +--------+--------+--------+--------+--------+-----+--------+

Top non-repeatable levels by time:
     D:7: 1332 daAuts
     D:4: 1300 daAuts
     D:1: 1095 daAuts
     D:3: 1059 daAuts
     D:2: 997 daAuts
  Bailey: 970 daAuts
     D:5: 860 daAuts
     D:8: 823 daAuts
     D:6: 795 daAuts
  Temple: 198 daAuts
     D:9: 58 daAuts
